AoeStats
← VIT Liereyy

Arabian Desert

508846935Analyzed
1v1 RM · 8d ago on Sep 24, 2026· 21m 22s· 2 players
Game mode
Random Map
Map size
Tiny (2 player)
Population
200
Speed
Normal
Resources
Standard
Victory
Conquest
Starting age
Dark Age
Ending age
Imperial Age
RankedLock teamsTeams togetherTeam positionsShared explorationLock speedFull tech treeHidden civsTurbo modeCheats
Victory
Defeat
🇵🇱 Cumans · Poland
2778
+23
🇦🇹 Turks · Austria
2936
-23
_Barles_
5:39 Loom
8:28 Feudal Age
9:10 Double-Bit Axe
12:15 Fletching
18:50 Scale Barding Armor
20:21 Forging
VIT Liereyy
7:40 Loom
10:17 Feudal Age
10:45 Double-Bit Axe
11:02 Man-at-Arms
11:36 Fletching
11:52 Padded Archer Armor
13:32 Fletching
22:55 Castle Age
Connection lost

Rejoining the realm…

Still unreachable

The connection could not be restored.

Session expired

The server has moved on; the page needs a fresh start.